 Dungeon Crawl Stone Soup version 0.15.0-27-gbdb0435 (webtiles) character file.

61 DrPain the Sneak (level 3, 5/18 HPs)
             Began as a Spriggan Assassin on Sept 11, 2014.
             Quit the game on Level 2 of the Dungeon.
             The game lasted 00:04:40 (946 turns).

DrPain the Sneak (Spriggan Assassin)                 Turns: 946, Time: 00:04:40

HP   5/18        AC  3     Str  7      XL: 3   Next: 83%
MP   7/7         EV 17     Int 12      God:
Gold 32          SH  0     Dex 18      Spells:  0 memorised,  2 levels left

rFire  . . .     SeeInvis +     w - +2 dagger
rCold  . . .     Clarity  .     c - +0 robe
rNeg   . . .     rCorr    .     (shield restricted)
rPois  .         rRot     .     (helmet restricted)
rElec  .         Spirit   .     d - +0 cloak
SustAb .         Warding  .     (gloves unavailable)
rMut   .         Stasis   .     (boots unavailable)
Gourm  .                        (no amulet)
MR     .....                    (no ring)
                                i - ring of invisibility

@: lethally poisoned, very quick, not resistant to hostile enchantments,
stealthy
A: unfitting armour, see invisible, herbivore 3, speed 3, slow metabolism 2
a: Evoke Invisibility


You were on level 2 of the Dungeon.
You were not hungry.

You visited 1 branch of the dungeon, and saw 2 of its levels.

You collected 32 gold pieces.

Inventory:

Hand weapons
 f - a +0 blowgun
 w - a +2 dagger (weapon)
Missiles
 e - 7 poisoned needles
 r - 2 curare-tipped needles
Armour
 c - a +0 robe (worn)
 d - a +0 cloak (worn)
Magical devices
 b - a wand of polymorph (5)
Comestibles
 q - 3 fruits
Scrolls
 j - a scroll of immolation {unknown}
 l - a scroll of noise {unknown}
 m - 4 scrolls of identify {unknown}
 o - a scroll of fog {unknown}
Jewellery
 i - a ring of invisibility (left hand)
Potions
 a - 2 potions of heal wounds {unknown}
 g - a potion of porridge
 h - a potion of restore abilities {unknown}
 k - a potion of agility {unknown}
 n - a potion of curing {unknown}
 p - a potion of confusion {unknown}


   Skills:
 - Level 1.5 Fighting
 + Level 4.2 Short Blades
 - Level 2.1 Throwing
 - Level 1.5 Dodging
 - Level 5.8 Stealth
 - Level 2.0 Evocations


You had 2 spell levels left.
You didn't know any spells.

Dungeon Overview and Level Annotations

Branches:
Dungeon (2/15)

Altars:
Ashenzari


Innate Abilities, Weirdness & Mutations

You are tiny and cannot use many weapons and most armour.
You have supernaturally acute eyesight.
You are a herbivore.
You cover ground extremely quickly.
You need consume almost no food.


Message History

The adder is moderately wounded.
The kobold hits you with a short sword. The adder barely misses you.
You miss the adder.
The adder is moderately wounded.
The kobold misses you. The adder misses you.
You miss the adder.
The adder is moderately wounded.
The adder bites you.
* * * LOW HITPOINT WARNING * * *
You are lethally poisoned!
The adder poisons you! The kobold hits you but does no damage.
You are too injured to fight recklessly!
* * * LOW HITPOINT WARNING * * *
You feel sick.
You are too injured to fight recklessly!
You are too injured to fight recklessly!
You are too injured to fight recklessly!
You are too injured to fight recklessly!
You are too injured to fight recklessly!
Are you sure you want to abandon this character and quit the game? (Confirm with "yes".)

........ ####........
......)....# ..+..._...+
.........# ##.......##
..#..$).....#
..#⌠K.S+#..⌠#.. .####@..#
##.. . ....#...#.... ..
#...#...#..# ....
#...##'##.# ....#
#(#.......#
###..######..####..####..#
...............%.........#
###..<.....####......>#
##.####### #.......#


You could see an adder and a kobold.

Vanquished Creatures
  Ijyb (D:1)
  An adder (D:2)
  An ooze (D:2)
  9 goblins
  4 hobgoblins
  4 jackals (D:1)
  4 bats
  2 giant cockroaches
  A giant newt (D:2)
  5 rats
32 creatures vanquished.

Notes
Turn   | Place    | Note
--------------------------------------------------------------
     0 | D:1      | DrPain, the Spriggan Assassin, began the quest for the Orb.
     0 | D:1      | Reached XP level 1. HP: 10/10 MP: 2/2
   388 | D:1      | Reached skill level 1 in Evocations
   388 | D:1      | Reached XP level 2. HP: 12/14 MP: 4/4
   742 | D:2      | Noticed Ijyb
   810 | D:1      | Killed Ijyb
   810 | D:1      | Reached XP level 3. HP: 18/18 MP: 7/7
   932 | D:2      | Found a shattered altar of Ashenzari.
   946 | D:2      | Quit the game

Action                   || total
-------------------------++-------
Melee: Dagger            ||    94
 Fire: Blowgun           ||    15
 Stab: Sleeping          ||     4
